 Dungeon Crawl Stone Soup version 0.24-a0-446-g87df7205b4 (webtiles) character file.

Game seed: 12760319339141983521

2692 Azzok the Cleaver (level 9, -13/70 HPs)
             Began as a Minotaur Fighter on June 23, 2019.
             Mangled by an orc knight
             ... wielding a +0 war axe
              (23 damage)
             ... in a bailey.
             The game lasted 00:08:13 (6831 turns).

Azzok the Cleaver (Minotaur Fighter)                Turns: 6831, Time: 00:08:14

Health: -13/70     AC: 12    Str: 24    XL:     9   Next: 38%
Magic:  8/8        EV:  4    Int:  5    God:
Gold:   542        SH: 12    Dex: 10    Spells: 8/8 levels left

rFire    . . .     SeeInvis .   d - +0 war axe (chop)
rCold    . . .     Gourm    .   c - +1 shield
rNeg     . . .     Faith    .   i - +0 plate armour
rPois    .         Spirit   .   (helmet restricted)
rElec    .         Reflect  +   (no cloak)
rCorr    .         Harm     .   w - +0 pair of gloves
MR       .....                  (no boots)
Stlth    ..........             e - +2 amulet of reflection
HPRegen  0.21/turn              (no ring)
MPRegen  0.11/turn              (no ring)

@: hasted, very quick
A: retaliatory headbutt, horns 2
a: no special abilities


You were in a bailey.
You were not hungry.

You visited 1 branch of the dungeon, and saw 7 of its levels.
You also visited: Ossuary and Bailey.

You collected 542 gold pieces.

Inventory:

Hand Weapons
 a - a +0 war axe
 d - a +0 war axe of chopping (weapon)
Armour
 c - a +1 shield (worn)
 i - a +0 plate armour (worn)
 w - a +0 pair of gloves (worn)
Jewellery
 e - a +2 amulet of reflection (around neck)
 v - an uncursed ring of ice
Scrolls
 h - 5 scrolls of teleportation
 j - 3 scrolls of blinking
 l - 5 scrolls of remove curse
 o - 2 scrolls of enchant weapon
 r - 2 scrolls of enchant armour
Potions
 b - a potion of mutation {unknown}
 k - 3 potions of heal wounds {unknown}
 m - 2 potions of agility {unknown}
 u - a potion of curing {unknown}
Comestibles
 f - 6 rations


   Skills:
 - Level 3.6 Fighting
 + Level 14.7 Axes
 - Level 3.6 Armour
 - Level 3.6 Shields


You had 8 spell levels left.
You didn't know any spells.
Your spell library contained the following spells:

 Spells                   Type           Power        Failure   Level  Hunger
 Confusing Touch          Hex            #.....       100%        1    ##.....
 Infusion                 Chrm           #...         100%        1    ##.....
 Shroud of Golubria       Chrm/Tloc      #.....       100%        2    ###....
 Song of Slaying          Chrm           #.......     100%        2    ###....
 Confuse                  Hex            #.......     100%        3    ####...
 Gell's Gravitas          Tloc           #.........   100%        3    ####...
 Regeneration             Chrm/Necr      #.........   100%        3    ####...
 Spectral Weapon          Hex/Chrm       #.......     100%        3    ####...
 Petrify                  Tmut/Erth      #.......     100%        4    #####..
 Metabolic Englaciation   Hex/Ice        #.........   100%        5    ######.
 Yara's Violent Unravell  Hex/Tmut       #.........   100%        5    ######.


Dungeon Overview and Level Annotations

Branches:
Dungeon (7/15)
 Temple: D:4-7

Altars:
Dithmenos
Trog

Annotations:
D:6 3 runed translucent doors, aaksess's ghost, novice NaVM; hitsuchi's ghost, novice OpTm


Innate Abilities, Weirdness & Mutations

You reflexively headbutt those who attack you in melee.
You have a pair of horns on your head.


Message History

You block the orc knight's attack.
You closely miss the orc knight.
The orc knight is almost dead.
You barely miss the orc warrior.
You hit the orc knight but do no damage.
The orc knight is almost dead.
Your plate armour prevents you from hitting the orc warrior.
You block the orc warrior's attack.
You hit the orc knight but do no damage.
The orc knight is almost dead.
You hit the orc warrior but do no damage.
The orc knight hits you with a +0 war axe!
* * * LOW HITPOINT WARNING * * *
You hit the orc knight.
The orc knight is almost dead.
You barely miss the orc warrior.
The orc warrior hits you with a +0 hand axe.
* * * LOW HITPOINT WARNING * * *
The orc knight hits you with a +0 war axe!!
You die...

?!···· ▒······
······· ·······
▒▒▒▒▒▒▒ ····⌠··
▒▒·····▒▒·······
▒·····)))·······
▒▒·····)o▒▒······
▒·······o@▒ ·oo··
▒▒·········▒▒
8·88
▒·····⌠·····▒ '▒▒
▒▒·········▒▒ ·▒
▒·········▒ ·
▒▒·······▒▒
▒·······▒
▒▒·····▒▒ ▒▒)▒▒▒▒


You could see an orc knight and an orc warrior.

Vanquished Creatures
  Grinder (D:4)
  Menkaure (D:5)
  A water moccasin (D:5)
  10 orc warriors
  A sky beast (D:6)
  An ogre (D:4)
  A centaur (D:5)
  A bullfrog (D:6)
  2 scorpions
  2 howler monkeys
  2 crimson imps
  A quasit (D:5)
  2 centaur zombies (Ossuary)
  3 hounds
  3 orc priests
  A bullfrog skeleton (D:4)
  2 worker ants
  3 big kobold zombies (Ossuary)
  A hound skeleton (D:4)
  2 mummies (Ossuary)
  11 gnolls
  7 adders
  A shadow imp (D:5)
  An ooze (D:6)
  2 adder skeletons (D:5)
  5 worms
  A dart slug (D:3)
  10 leopard geckos
  16 orcs
  8 bats
  5 giant cockroaches
  3 gnoll zombies (Ossuary)
  19 goblins
  8 hobgoblins
  10 jackals
  10 kobolds
  4 quokkas
  2 ball pythons
  9 frilled lizards
  2 goblin zombies (Ossuary)
  A hobgoblin zombie (Ossuary)
  A leopard gecko skeleton (D:4)
  3 orc zombies (Ossuary)
  3 rats
183 creatures vanquished.

Notes
Turn   | Place    | Note
-------+----------+-------------------------------------------
     0 | D:1      | Azzok the Minotaur Fighter began the quest for the Orb.
     0 | D:1      | Reached XP level 1. HP: 19/19 MP: 0/0
   244 | D:1      | Reached skill level 3 in Axes
   349 | D:1      | Reached XP level 2. HP: 26/26 MP: 1/1
   773 | D:1      | Reached skill level 4 in Axes
  1076 | D:1      | Reached XP level 3. HP: 31/31 MP: 2/2
  1396 | D:2      | Reached skill level 5 in Axes
  1764 | D:2      | Reached XP level 4. HP: 33/39 MP: 3/3
  2446 | D:3      | Reached skill level 6 in Axes
  2453 | D:3      | Reached XP level 5. HP: 39/45 MP: 4/4
  3248 | D:4      | Reached skill level 7 in Axes
  3338 | D:4      | Noticed Grinder
  3354 | D:4      | Killed Grinder
  3354 | D:4      | Reached skill level 8 in Axes
  3354 | D:4      | Reached XP level 6. HP: 33/51 MP: 5/5
  3695 | D:4      | Reached skill level 9 in Axes
  3767 | D:4      | Reached XP level 7. HP: 45/57 MP: 6/6
  4272 | D:5      | Entered Level 5 of the Dungeon
  4279 | D:5      | Reached skill level 10 in Axes
  4392 | D:5      | Found a sand-covered staircase.
  4499 | Ossuary  | Entered an ossuary
  4837 | D:5      | Reached skill level 11 in Axes
  4881 | D:5      | Reached XP level 8. HP: 61/64 MP: 7/7
  4941 | D:5      | Noticed Menkaure
  4954 | D:5      | Killed Menkaure
  5115 | D:5      | Found a bloodstained altar of Trog.
  5355 | D:6      | Found a shadowy altar of Dithmenos.
  5431 | D:6      | Reached skill level 12 in Axes
  5872 | D:6      | Found a runed translucent gate.
  5872 | D:6      | Found a runed translucent gate.
  5873 | D:6      | Found a runed translucent gate.
  5873 | D:6      | Noticed hitsuchi's ghost (novice OpTm)
  5874 | D:6      | Noticed aaksess's ghost (novice NaVM)
  5972 | D:6      | Reached skill level 13 in Axes
  6207 | D:7      | Found a flagged portal.
  6246 | Bailey   | Entered a bailey
  6459 | Bailey   | Reached XP level 9. HP: 70/70 MP: 8/8
  6515 | Bailey   | Reached skill level 14 in Axes
  6802 | Bailey   | Noticed an orc knight
  6831 | Bailey   | Mangled by an orc knight

Levels and vault maps discovered:
D:1:      psy_arrival_wood_between_worlds, layout_basic, minmay_pentomino_s4
D:2:      layout_loops_ring
D:3:      layout_rooms, patterned_corridor
D:4:      layout_loops_corners, serial_bayou_pond_a, uniq_grinder
D:5:      layout_rooms, first_ration, nicolae_ossuary_entry_ruins,
          trog_butcher_becter, uniq_menkaure
D:6:      layout_loops_ring, minmay_temple_entry_butterflies,
          gammafunk_ghost_cemetery, nicolae_dithmenos_shadow_blocks
D:7:      layout_loops_ring, gammafunk_ghost_hive, enter_bailey_3
Bailey:   bailey_axe_minmay_hex_keep, bailey

Skill      XL: |  1  2  3  4  5  6  7  8  9 |
---------------+----------------------------+-----
Axes           | 3 4 5 6 8 9 11 13 14 | 14.7
Fighting       | |  3.6
Armour         | |  3.6
Shields        | |  3.6

Action                   |  1- 3 |  4- 6 |  7- 9 || total
-------------------------+-------+-------+-------++-------
Melee: War axe           |   105 |   157 |   290 ||   552
       Headbutt          |    10 |    15 |    53 ||    78
  Use: Scroll            |       |       |    12 ||    12
       Potion            |       |       |     3 ||     3
  Eat: Chunk             |     2 |     7 |     7 ||    16
       Ration            |       |       |     1 ||     1
Armor: Scale mail        |    49 |    53 |    43 ||   145
       Chain mail        |       |       |    48 ||    48
       Plate armour      |       |       |    24 ||    24
Dodge: Dodged            |    35 |    26 |    36 ||    97
Block: Shield            |    58 |    98 |   150 ||   306
       Reflection        |       |     1 |     4 ||     5

Table legend:
 A = Non-vault XP
 B = Vault XP
 C = Vault XP percentage of total XP
 D = Non-vault monster count
 E = Vault monster count
 F = Vault count percentage of total count
                 A         B        C        D         E       F
            +---------+---------+-------+---------+---------+-------
      Total |    1967 |    1879 |  48.9 |     119 |      64 |  35.0
            +---------+---------+-------+---------+---------+-------
        D:1 |      35 |       9 |  20.5 |      19 |       4 |  17.4
        D:2 |      93 |       0 |   0.0 |      28 |       0 |   0.0
        D:3 |     120 |       0 |   0.0 |      25 |       0 |   0.0
        D:4 |     422 |     267 |  38.8 |      16 |       1 |   5.9
        D:5 |     466 |     178 |  27.6 |      12 |       5 |  29.4
        D:6 |     602 |       0 |   0.0 |      16 |       0 |   0.0
        D:7 |     229 |       4 |   1.7 |       3 |       2 |  40.0
    Ossuary |       0 |     212 | 100.0 |       0 |      16 | 100.0
     Bailey |       0 |    1209 | 100.0 |       0 |      36 | 100.0
            +---------+---------+-------+---------+---------+-------
